 Dungeon Crawl Stone Soup version 0.22.1-6-g1668fe2c40 (webtiles) character file.

23 Rediskos the Grave Robber (level 2, -40/16 HPs)
             Began as a Deep Elf Necromancer on Jan 23, 2019.
             Killed from afar by a goblin (47 damage)
             ... with an exploding inner flame
             ... led by Robin
             ... hexed by the player character
             ... on level 2 of the Dungeon.
             The game lasted 00:03:34 (1120 turns).

Rediskos the Grave Robber (Deep Elf Necromancer)    Turns: 1120, Time: 00:03:35

Health: -40/16     AC:  3    Str:  5    XL:     2   Next: 72%
Magic:  7/8        EV: 13    Int: 19    God:
Gold:   55         SH:  0    Dex: 15    Spells: 5/7 levels left

rFire    . . .     SeeInvis .   (no weapon)
rCold    . . .     Gourm    .   (no shield)
rNeg     . . .     Faith    .   a - +0 robe
rPois    .         Spirit   .   (no helmet)
rElec    .         Reflect  .   (no cloak)
rCorr    .         Harm     .   (no gloves)
MR       .....                  b - +0 pair of boots
Stlth    ++........             (no amulet)
HPRegen  0.05/turn              (no ring)
MPRegen  0.11/turn              (no ring)

@: no status effects
A: no striking features
a: no special abilities


You were on level 2 of the Dungeon.
You were not hungry.

You visited 1 branch of the dungeon, and saw 2 of its levels.

You collected 55 gold pieces.

Inventory:

Armour
 a - a +0 robe (worn)
 b - a +0 pair of boots (worn)
Potions
 f - 3 potions of curing {unknown}
 h - a potion of might {unknown}
Comestibles
 c - 3 rations


   Skills:
 + Level 0.6 Fighting
 + Level 2.8 Dodging
 - Level 2.4 Stealth
 + Level 3.3 Spellcasting
 * Level 5.2 Necromancy


You had 5 spell levels left.
You knew the following spells:

 Your Spells              Type           Power        Failure   Level  Hunger
a - Pain                  Necr           ###.         1%          1    None
s - Animate Skeleton      Necr           N/A          1%          1    None

Your spell library contained the following spells:

 Spells                   Type           Power        Failure   Level  Hunger
 Vampiric Draining        Necr           ###.......   4%          3    ###....
 Regeneration             Chrm/Necr      ##........   16%         3    ###....
 Animate Dead             Necr           N/A          17%         4    ####...


Dungeon Overview and Level Annotations

Branches:
Dungeon (2/15)

Altars:

Annotations:
D:2 Robin


Message History

The goblin hits you but does no damage. The goblin barely misses you.
The goblin hits you but does no damage. The frilled lizard barely misses you.
The goblin hits you with a dagger. x2; The goblin hits you.
As you read the scroll of fog, it crumbles to dust.
The scroll dissolves into smoke.
The goblin hits you with a club. The goblin barely misses you.
The goblin hits you but does no damage. The goblin closely misses you.
The frilled lizard bites you but does no damage.
The goblin barely misses you. The goblin hits you with a dagger.
The goblin hits you but does no damage.
Casting: Pain (safe; 1% risk of failure)
Confirm with . or Enter, or press ? or * to list all spells.
Aiming: Pain (safe; 1% risk of failure)
Press: ? - help, Shift-Dir - straight line, f - goblin
Aim: a goblin, wielding a club (grey smoke, inner flame, chance to defeat MR: The goblin writhes in agony!
The goblin explodes!
The fiery explosion engulfs you!
Ouch! That really hurt!
You die...

#..# ### #..#
.... #..# #
..... #..#.#
.....##..#.#
.......gg..#.##
......ggg......
#§§@gg.....
#§glgg.....
#..gg§.....
#?.........
#..........
#..........
######.....
....#


You could see Robin (inner flame), a hobgoblin (inner flame), 10 goblins and a
frilled lizard (inner flame).

Vanquished Creatures
  An ooze (D:1)
  A dart slug (D:1)
  A leopard gecko (D:1)
  2 bats (D:1)
  2 giant cockroaches (D:1)
  2 hobgoblins (D:1)
  3 frilled lizards (D:1)
  2 goblins (D:1)
  A kobold (D:1)
15 creatures vanquished.

Notes
Turn   | Place    | Note
-------+----------+-------------------------------------------
     0 | D:1      | Rediskos the Deep Elf Necromancer began the quest for the
                  | Orb.
     0 | D:1      | Reached XP level 1. HP: 10/10 MP: 6/6
     2 | D:1      | Learned a level 1 spell: Animate Skeleton
   185 | D:1      | Reached skill level 5 in Necromancy
   298 | D:1      | Reached XP level 2. HP: 12/16 MP: 4/8
  1115 | D:2      | Noticed Robin
  1120 | D:2      | Killed from afar by a goblin

Skill      XL: |  1 |
---------------+----+-----
Necromancy     | 5 |  5.2
Fighting       | |  0.6
Dodging        | |  2.8
Stealth        | |  2.4
Spellcasting   | |  3.3

Action                   || total
-------------------------++-------
 Cast: Pain              ||    24
  Use: Scroll            ||     4
Armor: Robe              ||     5
Dodge: Dodged            ||     8
